Map: Kairos Junction LE

Players

Rex

  • Race: Zerg Zerg
  • Spawn Location: 11:00

Neeb - Winner!

  • Race: Protoss Protoss
  • League: Grandmaster
  • Spawn Location: 5:00

Event: 2019 WCS Winter Americas

VOD

Have the link to the VOD?

Description

Time

  • Played on: Feb. 3, 2019, 2:46 p.m.
  • Length: 8:05

All games in this series

Show
View Real Time Build Order
Export as new Build Order

Rex Zerg 

Build Orders: Hatch First 

Get SALT Encoding   

  12  0:01  Drone  
  13  0:08  Drone  
  14  0:15  Extractor, Drone  
  15  0:21  Overlord  
  15  0:43  Drone  
  15  0:44  Drone  
  17  0:52  Hatchery  
  17  0:56  Drone  
  17  0:59  Drone  
  18  1:10  Extractor  
  17  1:15  Spawning Pool  
  17  1:17  Drone  
  17  1:20  Drone  
  18  1:28  Drone  
  19  1:38  Drone  
  20  1:53  Drone  
  21  2:03  Queen  
  21  2:04  Queen  
  21  2:08  Overlord  
  25  2:14  Metabolic Boost  
  25  2:16  Zergling x2  
  25  2:17  Zergling x2  
  25  2:18  Drone  
  28  2:27  Drone x2  
  30  2:32  Drone  
  30  2:36  Drone  
  32  2:43  Spore Crawler  
  30  2:53  Hatchery  
  30  2:58  Queen  
  30  3:00  Drone x2  
  30  3:05  Zergling x4  
  35  3:06  Zergling x2  
  36  3:16  Zergling x2  
  36  3:18  Zergling x2  
  36  3:22  Zergling x2  
  36  3:23  Zergling x2  
  35  3:31  Overlord  
  35  3:41  Zergling x2  
  35  3:45  Overlord  
  34  3:57  Drone x2  
  34  4:01  Drone  
  36  4:08  Drone x2  
  36  4:09  Drone  
  39  4:10  Drone x3  
  39  4:11  Drone x3  
  39  4:15  Drone  
  43  4:20  Drone  
  43  4:23  Overlord  
  44  4:26  Drone  
  44  4:28  Drone  
  44  4:30  Drone  
  46  4:32  Overlord  
  46  4:37  Spore Crawler  
  45  4:39  Spore Crawler  
  45  4:42  Spore Crawler  
  43  4:47  Queen  
  43  4:51  Queen  
  47  5:03  Drone x3  
  47  5:04  Drone x2  
  47  5:06  Drone x3  
  55  5:13  Zergling x8  
  59  5:20  Zergling x6  
  59  5:28  Zergling x6  
  54  5:44  Zergling x14  
  58  6:02  Zergling x2  
  58  6:03  Zergling x16  
  62  6:14  Overlord  
  62  6:15  Baneling Nest  
  61  6:30  Zergling x8  
  65  6:36  Overlord  
  65  6:37  Zergling x4  
  65  6:40  Zergling x4  
  65  6:42  Zergling x2  
  65  6:43  Zergling x2  
  65  6:45  Zergling x4  
  68  6:48  Zergling x4  
  68  6:53  Zergling x4  
  70  7:00  Zergling x4  
  68  7:05  Zergling x2  
  68  7:06  Zergling x2  
  69  7:19  Baneling x12  
  69  7:21  Zergling x6  
  71  7:23  Zergling x2  
  71  7:25  Zergling x2  
  71  7:29  Zergling x2  
  74  7:30  Zergling x2  
  74  7:34  Zergling x2  
  74  7:38  Zergling x4  
  68  7:47  Zergling x4  
Show
View Real Time Build Order
Export as new Build Order

Neeb Protoss - Winner!

Build Orders: 1 Gate Expand, Oracle Opening, Phoenix Opening, Zealot Archon 

Get SALT Encoding   

  12  0:01  Probe  
  13  0:14  Probe  
  14  0:17  Pylon  
  14  0:25  Probe  
  15  0:33  Probe  
  15  0:38  Gateway  
  15  0:41  Probe  
  16  0:48  Assimilator  
  17  0:52  Probe  
  18  1:04  Probe  
  19  1:16  Probe  
  20  1:25  Cybernetics Core  
  20  1:34  Nexus  
  20  1:39  Probe  
  21  1:44  Pylon  
  21  1:51  Probe  
  21  1:52  Assimilator, Adept  
  22  2:03  Probe  
  25  2:12  Adept  
  25  2:15  Probe  
  28  2:27  Probe  
  29  2:30  Stargate  
  29  2:37  Adept  
  29  2:39  Probe  
  30  2:48  Probe  
  30  2:49  Warp Gate  
  33  2:51  Probe  
  33  2:58  Gateway  
  34  3:00  Probe  
  34  3:03  Probe  
  36  3:08  Phoenix  
  36  3:12  Probe  
  37  3:15  Probe  
  40  3:24  Probe  
  39  3:28  Probe  
  39  3:30  Assimilator  
  39  3:32  Assimilator  
  40  3:34  Oracle  
  40  3:36  Probe  
  40  3:37  Pylon  
  40  3:40  Probe  
  45  3:46  Pylon  
  45  3:53  Pylon  
  45  3:54  Gateway  
  44  3:58  Adept  
  44  4:00  Adept  
  44  4:02  Oracle  
  47  4:04  Pylon  
  46  4:15  Probe x2  
  51  4:20  Shield Battery  
  51  4:27  Probe x2  
  53  4:32  Robotics Facility  
  53  4:39  Probe x2  
  53  4:41  Twilight Council  
  55  4:50  Adept x3  
  55  4:51  Probe x2  
  63  4:55  Pylon  
  63  5:03  Probe  
  63  5:04  Probe  
  63  5:05  Gateway  
  63  5:07  Gateway  
  65  5:15  Warp Prism  
  65  5:24  Probe  
  68  5:30  Gateway, Templar Archives  
  68  5:32  Charge  
  68  5:36  Gateway  
  68  5:37  Gateway  
  68  5:42  Gateway  
  66  6:02  Zealot x3  
  64  6:05  Probe x2  
  66  6:23  High Templar x4  
  74  6:26  Nexus  
  74  6:27  Pylon  
  74  6:32  Zealot x2  
  78  6:34  Archon  
  78  6:36  Archon  
  78  6:44  Probe, Pylon  
  78  6:47  Pylon  
  73  6:51  Zealot x2  
  77  6:57  Zealot  
  78  7:06  Zealot x6, Pylon  
  78  7:07  Pylon  
  80  7:22  Nexus  
  80  7:23  Pylon  
  80  7:25  High Templar x2  
  80  7:26  High Templar x3  
  80  7:27  Zealot x3  
  80  7:29  Archon  
  96  7:31  Archon  
  96  7:39  Zealot  
  96  7:48  Probe  
  96  7:49  Zealot  
  96  7:50  Zealot x2  
Tags
 
Add a new tag
Caveats
  • Supply blocks, unpowered buildings, or Contaminate may cause inaccurate times.
  • Supply counts are checked every 10 seconds.